 Dungeon Crawl Stone Soup version 0.29.0-13-gc9e81de378 (webtiles) character file.

Game seed: 241950246131886446

1255 groovy9 the Grappler (level 8, -7/112 HPs)
             Began as a Troll Berserker on Sept 8, 2022.
             Was a Priest of Trog.
             Mangled by a two-headed ogre
             ... wielding a +0 giant spiked club
              (27 damage)
             ... on level 7 of the Dungeon.
             The game lasted 00:16:29 (4990 turns).

groovy9 the Grappler (Troll Berserker)              Turns: 4990, Time: 00:16:29

Health: -7/112     AC:  6    Str: 28    XL:     8   Next: 26%
Magic:  7/7        EV: 14    Int:  3    God:    Trog [***...]
Gold:   191        SH:  0    Dex:  9    Spells: 7/7 levels left

rFire   . . .      SeeInvis +     - Unarmed
rCold   . . .      Faith    .   (no shield)
rNeg    . . .      Spirit   .   a - +0 animal skin
rPois   .          Reflect  .   (helmet restricted)
rElec   .          Harm     .   l - +1 cloak
rCorr   .          Rampage  .   (gloves unavailable)
Will    .....                   (boots unavailable)
Stlth   ..........              (no amulet)
HPRegen 1.08/turn               c - ring of see invisible
MPRegen 0.10/turn               s - +4 ring of evasion

@: berserking, very quick
A: large, unfitting armour, claws 3, regeneration 1, shaggy fur 1, tough skin 1
a: Renounce Religion, Berserk, Trog's Hand


You were on level 7 of the Dungeon.
You worshipped Trog.
Trog was most pleased with you.
You visited 2 branches of the dungeon, and saw 8 of its levels.
You also visited: Sewer.

You collected 394 gold pieces.
You spent 203 gold pieces at shops.

Inventory:

Hand Weapons
 g - a +3 morningstar of protection
Missiles
 i - 15 poisoned darts (quivered)
 m - a throwing net
Armour
 a - a +0 animal skin (worn)
 l - a +1 cloak (worn)
Jewellery
 c - a ring of see invisible (left claw)
 s - a +4 ring of evasion (right claw)
Wands
 q - a wand of flame (37)
 r - a wand of paralysis (4)
Scrolls
 e - a scroll of fear
 h - 2 scrolls of fog
 j - 2 scrolls of teleportation
 o - a scroll of enchant armour
Potions
 b - 3 potions of heal wounds
 d - 2 potions of cancellation
 f - a potion of magic
 k - 2 potions of degeneration
 n - 4 potions of curing
 p - a potion of flight
 t - a potion of haste {unknown}


   Skills:
 + Level 3.2 Fighting
 + Level 1.9 Maces & Flails
 + Level 1.9 Throwing
 + Level 3.2 Dodging
 + Level 8.8 Unarmed Combat
 + Level 1.6 Evocations


You had 7 spell levels left.
You didn't know any spells.
Your spell library was empty.

Dungeon Overview and Level Annotations

Branches:
Dungeon (7/15)             Temple (1/1) D:5           Sewer (visited)

Altars:
Ashenzari
Cheibriados
Dithmenos
Elyvilon
Gozag
Kikubaaqudgha
Makhleb
Nemelex Xobeh
Ru
Sif Muna
Trog
Vehumet
Xom
Yredelemnul
Zin

Shops:
D:4 *   D:6 (


Innate Abilities, Weirdness & Mutations

You are too large for most types of armour.
You have claws for hands.
Your natural rate of healing is unusually fast.
You are covered in fur. (AC +1)
You have tough skin. (AC +1)


Message History

A two-headed ogre comes into view.
It is wielding a +0 giant spiked club and a +0 giant club.
The two-headed ogre shouts in stereo!
The jelly closely misses you.
You mangle the jelly!!
You kill the jelly!
Trog accepts your kill.
Found a stone staircase leading up.
You scratch the white imp.
The white imp is heavily wounded.
The white imp gestures at you. The puff of frost hits you.
You claw the white imp!
You kill the white imp!
Trog accepts your kill.
You mangle the two-headed ogre!!
The two-headed ogre is moderately wounded.
The two-headed ogre barely misses you.
The two-headed ogre completely misses you.
You claw the two-headed ogre!
The two-headed ogre is severely wounded.
You scratch the two-headed ogre but do no damage.
The two-headed ogre is severely wounded.
The two-headed ogre barely misses you.
The two-headed ogre hits you with a +0 giant club!
You are too injured to fight recklessly!
You are too injured to fight recklessly!
A red film seems to cover your vision as you go berserk!
You feel yourself moving faster!
You feel mighty!
You claw the two-headed ogre!
The two-headed ogre is almost dead.
The two-headed ogre hits you with a +0 giant spiked club!!
The two-headed ogre hits you with a +0 giant club!!
You barely miss the two-headed ogre.
The two-headed ogre is almost dead.
You barely miss the two-headed ogre.
The two-headed ogre is almost dead.
The two-headed ogre hits you with a +0 giant spiked club!!
* * * LOW HITPOINT WARNING * * *
The two-headed ogre hits you with a +0 giant club!!
You die...

....... .......## ###
........# .. ........##.
........... .#.#
..........# ##.#..
.......O#.###....#
.......@#......#.#
......#........#.##
.<..# #...#..#....######
###.###.###..###..)....#
........................
....#######..####.......
.. ####.........####
.......>.....#
......#####..#


You could see a two-headed ogre.

Vanquished Creatures
  A water moccasin (D:4)
  2 ice beasts (D:6)
  A black bear (D:6)
  2 ogres
  2 scorpions
  A bullfrog (D:7)
  3 jellies
  An orc priest (D:6)
  Crazy Yiuf (D:5)
  2 hounds
  2 iguanas (D:5)
  An orc wizard (D:5)
  A hell rat (Sewer)
  6 adders
  3 gnolls (D:6)
  2 river rats (Sewer)
  A shadow imp (D:3)
  A white imp (D:7)
  2 ufetubi
  2 worms
  3 dart slugs
  9 orcs
  9 ball pythons
  5 endoplasms
  4 giant cockroaches
  3 goblins
  4 hobgoblins
  3 jackals (D:4)
  5 quokkas
  6 bats
  3 frilled lizards
  6 kobolds
  10 rats
107 creatures vanquished.

Notes
Turn   | Place    | Note
-------+----------+-------------------------------------------
     0 | D:1      | groovy9 the Troll Berserker began the quest for the Orb.
     0 | D:1      | Reached XP level 1. HP: 22/22 MP: 0/0
   130 | D:1      | Reached XP level 2. HP: 29/29 MP: 1/1
   388 | D:1      | Reached skill level 4 in Unarmed Combat
   572 | D:1      | Reached ** piety under Trog
   756 | D:2      | Reached XP level 3. HP: 33/36 MP: 2/2
   956 | D:2      | Found a snail-covered altar of Cheibriados.
  1046 | D:2      | Found a faded altar of an unknown god.
  1746 | D:3      | Found an ancient bone altar of Kikubaaqudgha.
  1972 | D:3      | Reached XP level 4. HP: 44/44 MP: 3/3
  2005 | D:3      | Found a shimmering blue altar of Sif Muna.
  2053 | D:3      | Reached skill level 5 in Unarmed Combat
  2077 | D:3      | Found a shadowy altar of Dithmenos.
  2377 | D:4      | Noticed a scorpion
  2384 | D:4      | Killed a scorpion
  2385 | D:4      | Reached XP level 5. HP: 50/50 MP: 4/4
  2471 | D:4      | Reached skill level 6 in Unarmed Combat
  2535 | D:4      | Found Qaidduym's Assorted Antiques.
  2549 | D:4      | Bought a runed morningstar for 203 gold pieces
  2572 | D:4      | Found a sacrificial altar of Ru.
  2583 | D:4      | Found a shimmering altar of Xom.
  2587 | D:4      | Noticed a water moccasin
  2616 | D:4      | Killed a water moccasin
  2617 | D:4      | Reached XP level 6. HP: 59/59 MP: 5/5
  2989 | D:5      | Entered Level 5 of the Dungeon
  2998 | D:5      | Reached skill level 7 in Unarmed Combat
  3039 | D:5      | Found a glowing drain.
  3047 | D:5      | Reached *** piety under Trog
  3053 | Sewer    | Entered a sewer
  3264 | D:5      | Found a staircase to the Ecumenical Temple.
  3361 | D:5      | Found Nualuaf's CLEARANCE SALE!.
  3367 | D:5      | Reached skill level 8 in Unarmed Combat
  3501 | D:5      | Reached XP level 7. HP: 66/66 MP: 6/6
  3882 | D:5      | Found a runed translucent door.
  3883 | D:5      | Noticed Crazy Yiuf
  3888 | D:5      | Killed Crazy Yiuf
  3992 | Temple   | Entered the Ecumenical Temple
  4300 | D:6      | Found a white marble altar of Elyvilon.
  4365 | D:6      | Found a basalt altar of Yredelemnul.
  4525 | D:6      | Found Hattow's Weapon Shop.
  4574 | D:6      | Reached skill level 1 in Maces & Flails
  4574 | D:6      | Reached skill level 1 in Throwing
  4595 | D:6      | Reached skill level 1 in Evocations
  4686 | D:6      | Reached XP level 8. HP: 75/75 MP: 7/7
  4979 | D:7      | Noticed a two-headed ogre
  4990 | D:7      | Mangled by a two-headed ogre

Illustrated notes

Levels and vault maps discovered:
D:1:      dpeg_arrival_round_a, layout_basic, interstate_on_off,
          kennysheep_decorative_pillar, hangedman_abyss_or_decor_lesser_grid
D:2:      layout_loops_ring, basic_altar, hellmonk_ecumenical_altar_slurped_away
D:3:      layout_loops_ring, nicolae_dithmenos_the_darkroom,
          kiku_gazebo_pond_becter, lemuel_blue_sif_altar
D:4:      layout_basic, jmf_multi_god_temple, mainiacjoe_overflow_swirl,
          serial_shops, nicolae_stop_n_shop_2
D:5:      layout_basic, minmay_temple_entry_stoned_glass,
          cheibrodos_sewer_entry_drain, nicolae_shop_clearance,
          uniq_crazy_yiuf_cottage
D:6:      nicolae_cairo_tiling, layout_loops_ring, kennysheep_ying_yang,
          serial_shops, kennysheep_mini_moat
D:7:      layout_rooms, enter_ossuary_2
Temple:   hellmonk_temple_forest_ring

Skill      XL: |  1  2  3  4  5  6  7  8 |
---------------+-------------------------+-----
Unarmed Combat | 4 5 6 8 |  8.8
Maces & Flails | 1 |  1.9
Throwing       | 1 |  1.9
Evocations     | 1 |  1.6
Fighting       | 3 |  3.2
Dodging        | 3 |  3.2

Action                   |  1- 3 |  4- 6 |  7- 9 || total
-------------------------+-------+-------+-------++-------
Melee: Unarmed           |   108 |    95 |    79 ||   282
       Punch             |     1 |     3 |     2 ||     6
Invok: Berserk           |       |     4 |     2 ||     6
  Use: Scroll            |     6 |     8 |     1 ||    15
       Potion            |     1 |     1 |     2 ||     4
Armor: Animal skin       |    30 |    20 |    21 ||    71
Dodge: Dodged            |    55 |    44 |    30 ||   129
